 Dungeon Crawl Stone Soup version 0.28-a0-730-g892d06dc2c (webtiles) character file.

Game seed: 6268935354726353670

5847 bande the Blocker (level 10, -5/59 HPs)
             Began as a Gargoyle Fighter on Oct 28, 2021.
             Was a High Priest of Okawaru.
             Killed by divine providence
             ... invoked by an orc priest
              (15 damage)
             ... on level 8 of the Dungeon.
             The game lasted 00:16:00 (10505 turns).

bande the Blocker (Gargoyle Fighter)               Turns: 10505, Time: 00:16:00

Health: -5/59      AC: 22    Str: 21    XL:     10   Next: 80%
Magic:  13/13      EV:  6    Int: 11    God:    Okawaru [*****.]
Gold:   30         SH:  6    Dex: 11    Spells: 9/9 levels left

rFire   . . .      SeeInvis .   a - +0 war axe (flame)
rCold   . . .      Faith    +   c - +0 buckler
rNeg    + . .      Spirit   .   u - +0 plate armour
rPois   ∞          Reflect  .   o - +0 helmet
rElec   +          Harm     .   w - +0 cloak of Wuyqel {Slay+3}
rCorr   .          Rampage  .   (no gloves)
Will    +....      Clarity  +   (no boots)
Stlth   ..........              p - amulet of faith
HPRegen 0.19/turn               (no ring)
MPRegen 0.13/turn               (no ring)

@: studying Evocations
A: sickness immunity, AC +7, negative energy resistance 1, electricity
resistance, torment resistance 1, petrification resistance, clarity, clever 1,
strong-willed 1
a: Renounce Religion, Heroism, Finesse, Duel


You were on level 8 of the Dungeon.
You worshipped Okawaru.
Okawaru was extremely pleased with you.
You visited 1 branch of the dungeon, and saw 8 of its levels.
You also visited: Sewer.

You collected 391 gold pieces.
You spent 361 gold pieces at shops.

Inventory:

Hand Weapons
 a - a +0 war axe of flaming (weapon)
 m - a +1 flail of venom
 t - a +0 war axe
Missiles
 q - a throwing net (quivered)
Armour
 c - a +0 buckler (worn)
 h - a +1 cloak
 o - a +0 helmet (worn)
 u - a +0 plate armour (worn)
 v - a +2 cloak
 w - the +0 cloak of Wuyqel (worn) {Slay+3}
   (You bought it in a shop on level 7 of the Dungeon)

   Slay:      It affects your accuracy & damage with ranged weapons and melee
   (+3).
Jewellery
 f - an amulet of magic regeneration
 p - an amulet of faith (around neck)
 s - a ring of positive energy
Scrolls
 e - a scroll of identify
 l - 4 scrolls of teleportation
 n - a scroll of amnesia
Potions
 b - 3 potions of invisibility
 d - 4 potions of might
 g - 2 potions of heal wounds
 i - 2 potions of curing
 j - a potion of magic
 k - 5 potions of haste
 r - a potion of flight


   Skills:
 + Level 5.5 Fighting
 + Level 11.0 Axes
 + Level 6.2 Armour
 + Level 11.2 Shields
 * Level 4.7 Invocations
 * Level 3.0 Evocations


You had 9 spell levels left.
You didn't know any spells.
Your spell library contained the following spells:

 Spells                   Type           Power      Damage    Failure   Level
 Magic Dart               Conj           0%         1d3       100%        1
 Slow                     Hex            0%         N/A       100%        2
 Static Discharge         Conj/Air       0%         N/A       100%        2
 Confusing Touch          Hex            0%         N/A       100%        3
 Mephitic Cloud           Conj/Pois/Air  0%         N/A       100%        3
 Hailstorm                Conj/Ice       0%         3d3       100%        4
 Ice Form                 Ice/Tmut       0%         N/A       100%        4
 Lightning Bolt           Conj/Air       0%         1d11      100%        5
 Yara's Violent Unravell  Hex/Tmut       0%         3d3       100%        5
 Maxwell's Capacitive Co  Air            0%         ∞         100%        8
 Call Imp                 Summ           Unusable   N/A       N/A         2
 Simulacrum               Ice/Necr       Unusable   N/A       N/A         6

Dungeon Overview and Level Annotations

Branches:
Dungeon (8/15)             Temple (0/1) D:5           Sewer (visited)
   Lair: D:8-11

Altars:
Ashenzari
Gozag
Hepliaklqana
Makhleb
Okawaru
Sif Muna
Zin

Shops:
D:2 *   D:3 =   D:4 =   D:5 [   D:7 *

Annotations:
D:6 1 runed translucent door, porpoise's ghost, novice DECj


Innate Abilities, Weirdness & Mutations

You are immune to sickness and miasma.
Your stone body is resilient. (AC +7)
You are immune to poison.
You resist negative energy. (rN+)
You are resistant to electric shocks. (rElec)
You are resistant to unholy torment.
You are immune to petrification.
You possess an exceptional clarity of mind.
Your mind is acute. (Int +2)
You are strong-willed. (Will+)


Message History

You barely miss the yak.
The yak is heavily wounded.
You hit the yak. You burn the yak. You block the yak's attack.
The yak gores you!
An orc comes into view. It is wielding a +0 mace.
You closely miss the yak.
The yak is heavily wounded.
You completely miss the yak.
The orc shouts!
You hear a shout!
You block the yak's attack. The yak gores you but does no damage.
You hit the yak. You burn the yak.
The yak is severely wounded.
You hit the yak. You burn the yak.
An orc priest comes into view. It is wielding a +0 short sword.
The yak barely misses you. The yak gores you but does no damage.
The orc priest shouts!
You slash the yak! You burn the yak.
The yak is almost dead.
You hit the yak. You burn the yak. The yak gores you!
The orc priest begins to cast a cantrip, but forgets the words!
The yak completely misses you.
Your plate armour prevents you from hitting the yak.
The yak is almost dead.
You completely miss the yak. The yak gores you. x2
You are too injured to fight recklessly!
You are too injured to fight recklessly!
You are too injured to fight recklessly!
You are too injured to fight recklessly!
You are too injured to fight recklessly!
You are too injured to fight recklessly!
You are too injured to fight recklessly!
You are too injured to fight recklessly!
The orc priest curses loudly.
The orc priest looks satisfied for a moment.
The orc warrior hits you with a +2 vorpal mace!
* * * LOW HITPOINT WARNING * * *
x2 The orc warrior hits you but does no damage.
The orc priest mumbles some strange prayers to Beogh against you.
Beogh smites you!
You die...

)..#........####.......... .#....
.#.#.............................
...#........####.................
........##.##............##.../
........##.##....####....#... ..
........##.##............#.###...
........##.##............[....)#
...#.......##.....Y.....o......#
##.#....##......@.o...oo.......#
.... #........Y...........##
......................#....#
......#...##..........#....#
..........##..........#......
.........###.........#)......
......>.[............#.......
...#.##.####.........# ..##
#.......?.#


You could see 2 yaks, an orc warrior (berserk), an orc priest and an orc.

Vanquished Creatures
  An ugly thing (D:7)
  Maggie (D:6)
  Prince Ribbit (D:5)
  A troll (D:6)
  A wraith (D:5)
  A wyvern (D:8)
  2 yaks
  Menkaure (D:4)
  2 steam dragons (D:7)
  4 water moccasins
  An orc warrior (D:7)
  2 ice beasts (D:6)
  2 sky beasts (D:6)
  2 black bears (D:5)
  3 necrophages
  An ogre (D:4)
  A centaur (D:6)
  2 phantoms (D:5)
  2 kobold brigands
  3 bullfrogs (D:7)
  A wyvern skeleton (D:5)
  A water moccasin skeleton (D:5)
  3 wights (D:8)
  A centaur zombie (D:5)
  7 hounds
  5 jellies
  A centaur skeleton (D:5)
  Crazy Yiuf (D:7)
  2 bullfrog skeletons
  3 orc priests
  3 gnoll shamans
  An iguana (D:7)
  9 orc wizards
  A hound skeleton (D:5)
  11 adders
  13 gnolls
  A howler monkey skeleton (D:7)
  3 river rats (Sewer)
  A shadow imp (D:7)
  A worm (D:2)
  2 dart slugs
  16 orcs
  8 ball pythons
  7 endoplasms
  7 giant cockroaches
  10 goblins
  17 hobgoblins
  25 kobolds
  7 quokkas
  4 bats
  6 frilled lizards
  27 rats
239 creatures vanquished.

Notes
Turn   | Place    | Note
-------+----------+-------------------------------------------
     0 | D:1      | bande the Gargoyle Fighter began the quest for the Orb.
     0 | D:1      | Reached XP level 1. HP: 14/14 MP: 1/1
   114 | D:1      | Reached XP level 2. HP: 3/19 MP: 2/2
   655 | D:1      | Reached XP level 3. HP: 16/24 MP: 3/3
  1298 | D:2      | Found Esmeanad's General Store.
  1464 | D:2      | Reached XP level 4. HP: 28/29 MP: 4/4
  1896 | D:3      | Identified a scroll of acquirement
  1896 | D:3      | Acquired an amulet of magic regeneration
  1942 | D:3      | Found a glowing drain.
  1977 | Sewer    | Entered a sewer
  2396 | Sewer    | Reached XP level 5. HP: 24/33 MP: 5/5
  2644 | Sewer    | Noticed a kobold brigand
  2652 | Sewer    | Killed a kobold brigand
  2653 | Sewer    | Reached XP level 6. HP: 38/38 MP: 6/6
  3278 | D:3      | Found Guish's Jewellery Emporium.
  3558 | D:3      | Found an iron altar of Okawaru.
  3580 | D:3      | Became a worshipper of Warmaster Okawaru
  3898 | D:4      | Reached skill level 10 in Shields
  3898 | D:4      | Reached XP level 7. HP: 43/43 MP: 7/7
  3933 | D:4      | Noticed Menkaure
  3944 | D:4      | Killed Menkaure
  3945 | D:4      | Found Orustruru's Jewellery Shoppe.
  4108 | D:4      | Found a faded altar of an unknown god.
  4108 | D:4      | Found a faded altar of an unknown god.
  4116 | D:4      | Found a hazy altar of Hepliaklqana.
  4118 | D:4      | Found an opulent altar of Gozag.
  4120 | D:4      | Found a glowing silver altar of Zin.
  4324 | D:4      | Reached skill level 1 in Invocations
  4324 | D:4      | Reached XP level 8. HP: 17/48 MP: 8/8
  4936 | D:4      | Reached * piety under Okawaru
  5479 | D:5      | Entered Level 5 of the Dungeon
  5493 | D:5      | Noticed a wraith
  5507 | D:5      | Killed a wraith
  5550 | D:5      | Reached ** piety under Okawaru
  5725 | D:5      | Noticed a yak
  5737 | D:5      | Killed a yak
  5738 | D:5      | Reached XP level 9. HP: 38/52 MP: 10/10
  5918 | D:5      | Reached skill level 5 in Armour
  6053 | D:5      | Reached skill level 10 in Axes
  6211 | D:5      | Found Amuoliyc's Antique Armour Shoppe.
  6798 | D:5      | Found a staircase to the Ecumenical Temple.
  6800 | D:5      | Noticed Prince Ribbit
  6821 | D:5      | Killed Prince Ribbit
  6821 | D:5      | Reached *** piety under Okawaru
  7008 | D:6      | Gained mutation: Your body sometimes deteriorates upon
                  | taking damage. [potion of mutation]
  7008 | D:6      | Gained mutation: You possess an exceptional clarity of
                  | mind. [potion of mutation]
  7009 | D:6      | Lost mutation: Your body sometimes deteriorates upon taking
                  | damage. [potion of mutation]
  7009 | D:6      | Gained mutation: Your mind is acute. (Int +2) [potion of
                  | mutation]
  7009 | D:6      | Gained mutation: You are strong-willed. (Will+) [potion of
                  | mutation]
  7106 | D:6      | Found a runed translucent door.
  7109 | D:6      | Noticed porpoise's ghost (novice DECj)
  7408 | D:6      | Noticed a troll
  7416 | D:6      | Killed a troll
  7417 | D:6      | Reached skill level 5 in Fighting
  7570 | D:6      | Reached XP level 10. HP: 59/59 MP: 12/12
  7742 | D:6      | Noticed Maggie
  7759 | D:6      | Killed Maggie
  7759 | D:6      | Reached **** piety under Okawaru
  7760 | D:6      | Reached skill level 1 in Evocations
  8123 | D:6      | Found a shimmering blue altar of Sif Muna.
  8278 | D:7      | Found a burning altar of Makhleb.
  8493 | D:7      | Noticed a brown ugly thing
  8496 | D:7      | Found a broken altar of Ashenzari.
  8514 | D:7      | Killed a brown ugly thing
  9192 | D:7      | Reached ***** piety under Okawaru
  9424 | D:7      | Found Kyorim's Neck Hole.
  9459 | D:7      | Found a runed translucent door.
  9460 | D:7      | Noticed Crazy Yiuf
 10174 | D:7      | Killed Crazy Yiuf
 10207 | D:7      | Bought the +0 cloak of Wuyqel {Slay+3} for 361 gold pieces
 10488 | D:8      | Identified the +2 robe of Parlour Games {Contam rElec rPois
                  | Will+++} (Okawaru gifted it to you on level 8 of the
                  | Dungeon)
 10488 | D:8      | Received a gift from Okawaru
 10505 | D:8      | Killed from afar by an orc priest

Illustrated notes

Levels and vault maps discovered:
D:1:      dpeg_arrival_court, layout_rooms
D:2:      layout_rooms, serial_shops, nicolae_shop_trees
D:3:      layout_loops_corners, okawaru_altar_gauntlet_db, serial_shops,
          nicolae_shop_crystal, gup_sewer_entry_pipe
D:4:      layout_loops_ring, chequers_temple_overflow_minitemple, serial_shops,
          shop, kennysheep_pointless_box, uniq_menkaure
D:5:      layout_loops_corners, minmay_temple_entry_tees, enter_ossuary_1,
          serial_shops, nicolae_take_the_stairs, grunt_ministairs_10,
          minmay_manual_moon, uniq_prince_ribbit1
D:6:      wad_crossroads, layout_loops_ring, tgw_sif,
          ebering_ghost_reflecting_pool, uniq_maggie
D:7:      minmay_octagon_keep, layout_basic, mainiacjoe_overflow_tiny_flanked,
          lemuel_round_altar, nicolae_shop_sticking_my_neck_out,
          uniq_crazy_yiuf_cottage
D:8:      layout_basic

Skill      XL: |  1  2  3  4  5  6  7  8  9 10 |
---------------+-------------------------------+-----
Axes           | 2 3 4 9 10 11 | 11.0
Armour         | 4 5 6 |  6.2
Fighting       | 4 5 |  5.5
Shields        | 4 10 11 | 11.2
Invocations    | 1 2 3 4 |  4.7
Evocations     | 3 |  3.0

Action                   |  1- 3 |  4- 6 |  7- 9 | 10-12 || total
-------------------------+-------+-------+-------+-------++-------
Melee: War axe           |    96 |   247 |   326 |   216 ||   885
  Use: Scroll            |     4 |     9 |     2 |     1 ||    16
       Potion            |       |     3 |     8 |       ||    11
Armor: Chain mail        |    57 |   213 |   210 |   112 ||   592
       Scale mail        |     4 |       |       |       ||     4
       Plate armour      |       |       |       |    21 ||    21
Dodge: Dodged            |    39 |   112 |    75 |    63 ||   289
Block: Buckler           |    27 |    72 |    99 |    44 ||   242

Table legend: (Time is in decaauts)
 A = Elapsed time spent in this place.
 B = Non-inter-level travel time spent in this place.
 C = Inter-level travel time spent in this place.
 D = Time resting spent in this place.
 E = Time spent auto-exploring this place.
 F = Levels seen in this place.
 G = Mean time per level.
                   A        B        C        D        E       F      G
               +--------+--------+--------+--------+--------+-----+--------+
         Total |  10648 |  10456 |    192 |   1599 |   6762 |   9 | 1183.1 |
       Dungeon |   9666 |   9474 |    192 |   1391 |   6238 |   8 | 1208.2 |
         Sewer |    982 |    982 |      0 |    208 |    524 |   1 |  982.0 |
               +--------+--------+--------+--------+--------+-----+--------+

Top non-repeatable levels by time:
     D:7: 2068 daAuts
     D:4: 1591 daAuts
     D:5: 1516 daAuts
     D:1: 1233 daAuts
     D:6: 1209 daAuts
     D:3: 1114 daAuts
   Sewer: 982 daAuts
     D:2: 707 daAuts
     D:8: 223 daAuts
